AoeStats
← Vladislav I (Jagiellon)

Black Forest

505252672Analyzed
3v3 RM · 24d ago on Sep 8, 2026· 43m 40s· 6 players
Game mode
Random Map
Map size
Normal (6 player)
Population
200
Speed
Normal
Resources
Standard
Victory
Conquest
Starting age
Dark Age
Ending age
Imperial Age
RankedLock teamsTeams togetherTeam positionsShared explorationLock speedFull tech treeHidden civsTurbo modeCheats
Victory
Defeat
🇷🇺 Celts · Russia
933
+13
🇺🇿 Khmer · Uzbekistan
920
+14
🇺🇿 Turks · Uzbekistan
877
+15
873
-35
🇨🇳 Persians · China
873
-35
🇨🇳 Huns · China
873
-35
A大我架不用怕
11:04 Loom
13:36 Feudal Age
14:53 Double-Bit Axe
14:51 Horse Collar
16:23 Gold Mining
17:46 Stone Mining
22:04 Castle Age
23:39 Bow Saw
23:32 Heavy Plow
25:29 Scale Barding Armor
25:34 Forging
26:16 Gold Shaft Mining
31:57 Imperial Age
30:32 Chain Barding Armor
30:47 Iron Casting
32:29 Man-at-Arms
32:54 Gambesons
34:43 Long Swordsman
36:32 Citadels
39:46 Elite War Elephant
KPLの最强伝説!名刀の
10:29 Feudal Age
18:00 Castle Age
17:24 Double-Bit Axe
17:22 Horse Collar
21:17 Wheelbarrow
20:29 Town Watch
21:17 Bow Saw
29:59 Imperial Age
Wu
13:51 Feudal Age
19:20 Castle Age
17:33 Double-Bit Axe
17:32 Horse Collar
18:22 Stone Mining
25:11 Bow Saw
25:46 Heavy Plow
26:47 Wheelbarrow
28:02 Hand Cart
29:56 Scale Barding Armor
30:01 Forging
29:56 Husbandry
30:07 Bloodlines
30:15 Bloodlines
35:14 Imperial Age
33:17 Chain Barding Armor
33:32 Iron Casting
33:23 Stone Mining
33:23 Gold Mining
36:45 Cavalier
40:27 Paladin
42:03 Plate Barding Armor
42:28 Blast Furnace
ABOBUS
1:25 Loom
12:48 Feudal Age
13:37 Horse Collar
20:41 Castle Age
20:23 Double-Bit Axe
26:14 Caravan
26:44 Gold Mining
26:48 Stone Mining
31:17 Imperial Age
31:23 Gold Shaft Mining
32:56 Coinage
34:40 Wheelbarrow
33:51 Town Watch
34:45 Conscription
34:44 Bow Saw
34:38 Heavy Plow
37:25 Fervor
37:46 Sanctity
38:12 Theocracy
37:44 Elite Janissary
39:28 Artillery
40:17 Hand Cart
Hunter
0:39 Loom
12:18 Feudal Age
16:09 Castle Age
14:19 Double-Bit Axe
17:24 Horse Collar
22:56 Bow Saw
23:32 Heavy Plow
24:59 Wheelbarrow
24:52 Gold Mining
25:23 Stone Mining
27:00 Hand Cart
26:32 Town Watch
27:58 Gold Shaft Mining
31:04 Imperial Age
30:37 Scale Barding Armor
30:43 Forging
31:31 Stone Shaft Mining
32:33 Caravan
33:18 Pikeman
34:29 Conscription
35:05 Crop Rotation
34:51 Town Patrol
35:23 Double Crossbow
35:28 Tusk Swords
34:52 Elite Battle Elephant
35:56 Chain Barding Armor
36:40 Ballistics
36:17 Murder Holes
37:33 Chemistry
36:29 Murder Holes
37:02 Husbandry
37:14 Bloodlines
37:43 Plate Barding Armor
37:43 Iron Casting
37:29 Elite Ballista Elephant
38:47 Hoardings
38:24 Masonry
42:10 Blast Furnace
42:36 Siege Engineers
43:07 Halberdier
43:51 Scale Mail Armor
Vladislav I (Jagiellon)
0:42 Loom
13:39 Feudal Age
14:07 Horse Collar
14:14 Double-Bit Axe
14:24 Gold Mining
16:24 Stone Mining
20:52 Castle Age
19:33 Forging
20:14 Scale Mail Armor
21:23 Wheelbarrow
22:38 Bow Saw
22:30 Heavy Plow
22:19 Gambesons
28:13 Stronghold
33:29 Hand Cart
38:24 Fervor
39:40 Gold Shaft Mining
39:41 Stone Shaft Mining
45:17 Imperial Age
42:37 Town Watch
42:16 Pikeman
42:41 Arson
42:49 Fletching
42:59 Padded Archer Armor
43:35 Iron Casting
43:16 Chain Mail Armor
43:07 Scale Barding Armor
43:37 Town Patrol
Connection lost

Rejoining the realm…

Still unreachable

The connection could not be restored.

Session expired

The server has moved on; the page needs a fresh start.